 Dungeon Crawl Stone Soup version 0.30.1-11-g7821555f0a (webtiles) character file.

Game seed: 6514909710376054630

942 jagang the Slasher (level 8, -8/63 HPs)
             Began as a Human Monk on Jan 3, 2024.
             Was a Priest of the Shining One.
             Mangled by an ogre
             ... wielding a +0 giant spiked club
              (28 damage)
             ... on level 5 of the Dungeon.
             The game lasted 00:08:48 (3777 turns).

jagang the Slasher (Human Monk)                     Turns: 3777, Time: 00:08:48

Health: -8/63      AC: 14    Str: 11    XL:     8   Next: 34%
Magic:  10/10      EV:  3    Int: 11    God:    the Shining One [***...]
Gold:   186        SH:  0    Dex: 18    Spells: 7/7 levels left

rFire   . . .        a - +0 falchion
rCold   . . .        (no shield)
rNeg    + . .        w - +0 plate armour
rPois   .            (no helmet)
rElec   .            (no cloak)
rCorr   .            g - +0 pair of gloves
SInv    .            t - +0 pair of boots
Will    .....        (no amulet) Stlth
                     d - ring of wizardry
HPRegen 0.30/turn    (no ring)
MPRegen 0.12/turn

%: wizardry (x1)
@: glowing
A: no striking features
a: Renounce Religion, Divine Shield, Cleansing Flame


You were on level 5 of the Dungeon.
You worshipped the Shining One.
The Shining One was most pleased with you.
You visited 2 branches of the dungeon, and saw 6 of its levels.
You also visited: Ossuary.

You collected 186 gold pieces.

Inventory:

Hand Weapons
 a - a +0 falchion (weapon)
 n - a +0 short sword of flaming
Missiles
 o - 3 boomerangs (quivered)
 p - 7 javelins
Armour
 g - a +0 pair of gloves (worn)
 t - a +0 pair of boots (worn)
 w - a +0 plate armour (worn)
Jewellery
 d - a ring of wizardry (left hand)
Wands
 y - a wand of roots (5)
Scrolls
 b - a scroll of identify {unknown}
 e - 2 scrolls of fear {unknown}
 f - 2 scrolls of teleportation {unknown}
 h - a scroll of enchant armour {unknown}
 k - 2 scrolls of enchant weapon {unknown}
 l - a scroll of vulnerability {unknown}
 q - a scroll of magic mapping {unknown}
 r - a scroll of torment {unknown}
 u - 2 scrolls of immolation {unknown}
 v - a scroll of poison {unknown}
Potions
 c - 3 potions of ambrosia
 i - 3 potions of invisibility {unknown}
 j - a potion of mutation {unknown}
 m - a potion of cancellation {unknown}
 s - 5 potions of haste {unknown}
 x - a potion of berserk rage {unknown}
 z - a potion of lignification {unknown}
 A - 3 potions of heal wounds {unknown}
 B - 3 potions of curing {unknown}
 C - a potion of attraction {unknown}


   Skills:
 * Level 5.4 Fighting
 * Level 5.5 Long Blades
 + Level 2.2 Throwing
 * Level 4.4 Armour
 - Level 3.0 Dodging
 + Level 3.2 Invocations


You had 7 spell levels left.
You didn't know any spells.
Your spell library was empty.

Dungeon Overview and Level Annotations

Branches:
Dungeon (5/15)             Temple (1/1) D:4         Ossuary (visited)

Altars:
Ashenzari
Elyvilon
Gozag
Hepliaklqana
Kikubaaqudgha
Makhleb
Nemelex Xobeh
Okawaru
Qazlal
Ru
Sif Muna
Trog
Uskayaw
Yredelemnul
Zin
The Shining One


Message History

The adder is heavily wounded.
The adder bites you. The adder bites you but does no damage.
You slash the adder!
You kill the adder!
You now have 186 gold pieces (gained 12).
Found a rapier.
You see here a +0 rapier.
Found a stone staircase leading up.
An ogre comes into view. It is wielding a +0 giant spiked club.
The ogre shouts!
The ogre hits you with a +0 giant spiked club!
You hit the ogre but do no damage. You hit the ogre.
The ogre is lightly wounded.
The ogre hits you with a +0 giant spiked club!
You hit the ogre.
The ogre is moderately wounded.
The ogre hits you with a +0 giant spiked club!!
You are too injured to fight recklessly!
You are too injured to fight recklessly!
You hit the ogre.
The ogre is moderately wounded.
You hit the ogre but do no damage.
The ogre is moderately wounded.
The ogre hits you with a +0 giant spiked club!
* * * LOW HITPOINT WARNING * * *
You hit the ogre but do no damage.
The ogre is moderately wounded.
The ogre hits you with a +0 giant spiked club!
* * * LOW HITPOINT WARNING * * *
Okay, then.
You are confused.
You feel invigorated.
The ogre hits you with a +0 giant spiked club!
* * * LOW HITPOINT WARNING * * *
The ogre barely misses you.
You feel less invigorated.
You feel less confused.
The ogre hits you with a +0 giant spiked club!!
You die...

##....##.. #....#
#..##..##.. .#..#
#........###.###..###.
#
..###.######.....#..##
. # ...##.# #[###....#
# .. #.....# ## #
###.### ## ...
#.....### #..# #...###.
.... .# #.......###.#
#....... ....
..##........<..##
#.#####.
.......##.@O...#####.#
#. #..
#........#...##.## #.
#..
##..$##..##......#####.
#####..##..###
#..#..##.....#..
.......#...#
#...###..##....
..........##
#.#..##.#####..
#####..#..#
##.##.##.####...
#.###.## #.#
#..#......## ... ##.##
##.####..###.####


You could see an ogre.

Vanquished Creatures
  A black bear (D:4)
  An ogre (D:4)
  2 phantoms
  2 scorpions
  3 water moccasin zombies (Ossuary)
  4 hounds (D:4)
  2 mummies (Ossuary)
  3 gnolls (D:4)
  4 adders
  A shadow imp (D:3)
  A white imp (D:5)
  An ufetubus (D:4)
  3 adder zombies (Ossuary)
  2 worms (D:2)
  2 dart slugs
  2 orcs
  4 ball pythons
  7 endoplasms
  4 giant cockroaches
  2 gnoll zombies (Ossuary)
  6 goblins
  7 hobgoblins
  2 jackals (D:3)
  6 quokkas
  3 bats (D:2)
  4 frilled lizards
  A hobgoblin zombie (Ossuary)
  8 kobolds
  6 kobold zombies (Ossuary)
  6 orc zombies (Ossuary)
  7 rats
107 creatures vanquished.

Notes
Turn   | Place    | Note
-------+----------+-------------------------------------------
     0 | D:1      | jagang the Human Monk began the quest for the Orb.
     0 | D:1      | Reached XP level 1. HP: 18/18 MP: 1/1
   250 | D:1      | Reached XP level 2. HP: 12/24 MP: 2/2
   489 | D:1      | Reached skill level 1 in Armour
   652 | D:1      | Reached XP level 3. HP: 24/29 MP: 3/3
   905 | D:2      | Reached skill level 1 in Invocations
   917 | D:2      | Reached XP level 4. HP: 16/35 MP: 4/4
  1431 | D:3      | Identified the +2 robe of the Solstice {rN+ Int+3}
  1583 | D:3      | Found a faded altar of an unknown god.
  1973 | D:4      | Noticed a black bear
  1984 | D:4      | Killed a black bear
  1985 | D:4      | Reached XP level 5. HP: 22/42 MP: 6/6
  1994 | D:4      | Reached XP level 6. HP: 16/48 MP: 7/7
  2231 | D:4      | Noticed an ogre
  2267 | D:3      | Reached skill level 1 in Throwing
  2267 | D:3      | Reached XP level 7. HP: 41/55 MP: 8/8
  2798 | D:4      | Found a staircase to the Ecumenical Temple.
  2826 | Temple   | Entered the Ecumenical Temple
  2952 | Temple   | Became a worshipper of the Shining One
  2952 | Temple   | Reached * piety under the Shining One
  2952 | Temple   | Reached ** piety under the Shining One
  3121 | D:5      | Entered Level 5 of the Dungeon
  3131 | D:5      | Reached skill level 5 in Fighting
  3131 | D:5      | Reached skill level 5 in Long Blades
  3309 | D:5      | Found a sand-covered staircase.
  3314 | Ossuary  | Entered an ossuary
  3362 | Ossuary  | Reached XP level 8. HP: 40/62 MP: 10/10
  3477 | Ossuary  | Reached *** piety under the Shining One
  3777 | D:5      | Mangled by an ogre

Illustrated notes

Levels and vault maps discovered:
D:1:      eino_arrival_cavern_c, layout_loops_cross, minmay_crystal_water
D:2:      layout_rooms
D:3:      layout_rooms, basic_ecumenical_altar
D:4:      layout_rooms, minmay_temple_entry_antechambers
D:5:      layout_layer_cave, enter_ossuary_5, uniq_sigmund
Temple:   eino_temple_rhombus

Skill      XL: |  1  2  3  4  5  6  7  8 |
---------------+-------------------------+-----
Armour         | 1 2 3 4 |  4.4
Invocations    | 1 2 3 |  3.2
Fighting       | 4 5 |  5.4
Long Blades    | 4 5 |  5.5
Throwing       | 1 2 |  2.2
Dodging        | |  3.0

Action                     |  1- 3 |  4- 6 |  7- 9 || total
---------------------------+-------+-------+-------++-------
  Melee: Falchion          |    66 |   111 |   195 ||   372
         Punch             |       |       |     6 ||     6
  Throw: Boomerang         |       |    35 |    13 ||    48
    Use: Potion            |       |       |     1 ||     1
 Armour: Robe              |     7 |     2 |       ||     9
         Ring mail         |       |    40 |     8 ||    48
         Plate armour      |       |       |   107 ||   107
  Dodge: Dodged            |    42 |    64 |    47 ||   153
